 Dungeon Crawl Stone Soup version 0.31.0-11-ge490571c62 (webtiles) character file.

Game seed: 10237373250951379138

1170 qw the Skirmisher (level 8, -16/46 HPs)
             Began as a Deep Elf Hunter on Feb 5, 2024.
             Killed from afar by an oklob plant (23 damage)
             ... with a splash of acid
             ... on level 5 of the Dungeon.
             The game lasted 00:01:41 (3850 turns).

qw the Skirmisher (Deep Elf Hunter)                 Turns: 3850, Time: 00:01:42

Health: -16/46     AC: 13    Str: 13    XL:     8   Next: 17%
Magic:  10/10      EV: 17    Int: 16    God:
Gold:   296        SH:  0    Dex: 18    Spells: 7/7 levels left

rFire   + + .        c - +4 orcbow "Goblinslayer" {freeze, rF++ Str+3 Int-2 SInv Stlth+, mikee}
rCold   + . .        (shield currently unavailable)
rNeg    . . .        o - +0 ring mail
rPois   .            f - +2 helmet
rElec   .            a - +1 cloak {Will+}
rCorr   .            e - +2 pair of gloves
SInv    +            (no boots)
Will    +....        (no amulet)
Stlth   ++           t - +5 ring of evasion
HPRegen 0.27/turn    j - ring "Enlawyut" {rC+ Int+3}
MPRegen 0.12/turn

%: no passive effects
@: about to teleport
A: no striking features
a: no special abilities


You were on level 5 of the Dungeon.
You visited 1 branch of the dungeon, and saw 5 of its levels.
You also visited: Ossuary.

You collected 1057 gold pieces.
You spent 761 gold pieces at shops.


   Skills:
 - Level 3.0 Fighting
 + Level 12.3 Ranged Weapons
 - Level 1.4 Armour
 - Level 4.0 Dodging
 - Level 1.2 Stealth


You had 7 spell levels left.
You didn't know any spells.
Your spell library was empty.

Inventory:

Hand Weapons
 c - the +4 orcbow "Goblinslayer" (weapon) {freeze, rF++ Str+3 Int-2 SInv Stlth+, mikee}
   (You acquired it on level 2 of the Dungeon)

   Str+3:     It affects your strength (+3).
   Int-2:     It affects your intelligence (-2).
   rF++:      It greatly protects you from fire.
   SInv:      It lets you see invisible.
   Stlth+:    It makes you more stealthy.
Armour
 a - a +1 cloak of willpower (worn)
 e - a +2 pair of gloves (worn)
 f - a +2 helmet (worn)
 o - a +0 ring mail (worn)
Jewellery
 i - the ring of Vibb {Will- Str-5 Int+6 Slay+5 Stlth+}
   (You acquired it on level 4 of the Dungeon)

   [ring of intelligence]

   Str-5:     It affects your strength (-5).
   Int+6:     It affects your intelligence (+6).
   Slay+5:    It affects your accuracy & damage with ranged weapons and melee
   (+5).
   Will-:     It decreases your willpower.
   Stlth+:    It makes you more stealthy.
 j - the ring "Enlawyut" (right hand) {rC+ Int+3}
   (You bought it in a shop on level 3 of the Dungeon)

   [ring of protection from cold]

   Int+3:     It affects your intelligence (+3).
   rC+:       It protects you from cold.
 k - the ring of the Skies Above {rF+ Will+ MP+9 Str-4 Int+4}
   (You found it on level 5 of the Dungeon)

   [ring of protection from fire]

   Str-4:     It affects your strength (-4).
   Int+4:     It affects your intelligence (+4).
   rF+:       It protects you from fire.
   Will+:     It increases your willpower.
   MP+9:      It affects your magic capacity (+9).
 l - a ring of protection from fire
 q - a +6 ring of intelligence
 t - a +5 ring of evasion (left hand)
Wands
 b - a wand of flame (47)
Scrolls
 n - 3 scrolls of identify
 r - 3 scrolls of teleportation
Potions
 d - 2 potions of curing
 g - a potion of enlightenment
 h - 4 potions of heal wounds
 m - 2 potions of resistance

Dungeon Overview and Level Annotations

Branches:
Dungeon (5/15)            Ossuary (visited)
 Temple: D:4-7

Altars:
Fedhas
Gozag
Zin

Shops:
D:2 [(   D:3 =

Annotations:
D:4 3 runed translucent doors, qw's ghost, amateur DEHu
D:5 exclusion: oklob plant


Message History

Enter note:
Enter note:
Enter note:
Enter note:
Enter note:
Enter note:
Enter note:
Enter note:
Enter note:
Enter note:
Enter note:
Enter note:
Enter note:
Enter note:
Enter note:
Enter note:
Enter note:
Enter note:
Enter note:
Enter note:
Enter note:
Enter note: The oklob plant spits acid at you.
The splash of acid hits you! The acid corrodes you!
The oklob plant spits acid at you. The splash of acid hits you!
The acid corrodes you!
3849 ||| DRINKING potion of cancellation.
Your magical effects are unravelling.
You feel magically purged.
You are no longer corroded.
The oklob plant spits acid at you. The splash of acid misses you.
The splash of acid hits the plant!!!
The acid corrodes the plant!
The plant begins to die.
3850 ||| READING 4 scrolls of teleportation.
As you read the scroll of teleportation, it crumbles to dust.
You feel strangely unstable. The oklob plant spits acid at you.
The splash of acid hits you!!
Ouch! That really hurt!
You die...

#.#.#..##.#.......###............
#.#...............# #...........#
#...#.##..........###......######
.......#....................#####
#######################..........
PP.PPPP#PPPPPPPP7P##...).........
#PPPPP.PPPPP#..#P##......#......
#7PP.#P7PP#P..P..PP#............#
#PP.P..77.P.PPPP@..#.......>....#
PP#PP.......PPPP.#.####..........
7.#P..~~~~~..P.P.7 ####..........
7PP..~~~~~~~..PPPPP#.......#####.
PP..~~~~~~~~~..77PP###.....#....#
PP.~~~~~~~~~~~..77P###.....#....#
##.~~~~...~~~~.77 P#....<..#....#
...~~~~._......PP P##...........#
##.~~~~...~~~~.7P ##.##.......##


You could see an oklob plant.

Vanquished Creatures
  A wyvern (D:5)
  2 ogres
  A weeping skull (Ossuary)
  A scorpion (D:4)
  2 burial acolytes (Ossuary)
  A bombardier beetle (D:5)
  A hound (D:5)
  2 centaur zombies (Ossuary)
  An orc priest (D:5)
  3 sleepcaps
  Terence (D:3)
  An iguana (D:4)
  An orc wizard (D:5)
  Natasha (thrice) (D:3)
  4 hound zombies (Ossuary)
  2 mummies (Ossuary)
  3 gnolls (D:2)
  4 adders
  3 dart slugs
  A ribbon worm (D:5)
  12 orcs
  5 ball pythons
  4 endoplasms
  A giant cockroach (D:2)
  5 hobgoblins
  4 quokkas
  4 bats
  3 frilled lizards
  7 gnoll zombies (Ossuary)
  6 goblins
  A kobold (D:3)
  2 orc zombies (Ossuary)
  2 rats
94 creatures vanquished.

Notes
Turn   | Place    | Note
-------+----------+-------------------------------------------
     0 | D:1      | qw the Deep Elf Hunter began the quest for the Orb.
     0 | D:1      | Reached XP level 1. HP: 12/12 MP: 3/3
     0 | D:1      | 0 ||| qw: Version: 0.3-a-160-g6735b56
     0 | D:1      | 0 ||| qw: Game counter: 6251
     0 | D:1      | 0 ||| qw: Melee chars always use a shield: true
     0 | D:1      | 0 ||| qw: God list: Okawaru
     0 | D:1      | 0 ||| qw: Allow faded altars: false
     0 | D:1      | 0 ||| qw: Do Orc after clearing Dungeon:15 true
     0 | D:1      | 0 ||| qw: Do second Lair branch before Depths: true
     0 | D:1      | 0 ||| qw: Lair rune preference: random
     0 | D:1      | 0 ||| qw: Goals: Normal
     0 | D:1      | 0 ||| PLANNING D:1-11
   123 | D:1      | Reached XP level 2. HP: 16/16 MP: 4/4
   126 | D:1      | Reached skill level 6 in Ranged Weapons
   623 | D:1      | 623 ||| UPGRADING to +2 pair of gloves.
   628 | D:1      | 628 ||| UPGRADING to +0 helmet.
   633 | D:1      | 633 ||| DROPPING ring of flight.
   634 | D:1      | 634 ||| READING scroll labelled ZUNIQI YMIEJOI.
   634 | D:1      | 634 ||| ENCHANTING +0 helmet.
   635 | D:1      | 635 ||| DROPPING scroll of butterflies.
   788 | D:2      | Found Voutejuf's Antique Armour Boutique.
   837 | D:2      | Found Zaoros's Armour Shop.
   846 | D:2      | 846 ||| BUYING +0 scale mail (56 gold).
   846 | D:2      | Bought a +0 scale mail for 56 gold pieces
   846 | D:2      | 846 ||| SHOPLISTING +2 scale mail of positive energy (252
                  | gold, have 21).
   858 | D:2      | Reached XP level 3. HP: 15/20 MP: 5/5
   954 | D:2      | Reached skill level 7 in Ranged Weapons
  1014 | D:2      | Found Azys's Antique Weapon Shoppe.
  1023 | D:2      | 1023 ||| SHOPLISTING glowing arbalest (195 gold, have 21).
  1039 | D:2      | Reached XP level 4. HP: 25/25 MP: 6/6
  1425 | D:2      | 1425 ||| UPGRADING to +0 scale mail.
  1435 | D:2      | 1435 ||| DROPPING +0 leather armour.
  1436 | D:2      | 1436 ||| UPGRADING to ring of see invisible.
  1437 | D:2      | 1437 ||| READING scroll labelled IMU RISAIZEUTTI.
  1438 | D:2      | 1438 ||| READING scroll labelled SITONA HOTAKHELEHE.
  1442 | D:2      | 1442 ||| READING scroll labelled HAUPHEPIME.
  1442 | D:2      | 1442 ||| IDENTIFYING bubbling golden potion
  1443 | D:2      | 1443 ||| READING scroll labelled ETASEO CELALI.
  1443 | D:2      | Identified a scroll of acquirement
  1443 | D:2      | 1443 ||| ACQUIRING +4 orcbow "Goblinslayer" {freeze, rF++
                  | Str+3 Int-2 SInv Stlth+}
  1443 | D:2      | Acquired the +4 orcbow "Goblinslayer" {freeze, rF++ Str+3
                  | Int-2 SInv Stlth+}
  1445 | D:2      | 1445 ||| SWAPPING to +4 orcbow "Goblinslayer" {freeze, rF++
                  | Str+3 Int-2 SInv Stlth+, mikee}.
  1446 | D:2      | 1446 ||| REMOVING ring of see invisible.
  1447 | D:2      | 1447 ||| DROPPING +0 shortbow.
  1448 | D:2      | 1448 ||| UPGRADING to ring of ice.
  1449 | D:2      | 1449 ||| READING scroll labelled FEWOFO ABERGHOEST.
  1450 | D:2      | 1450 ||| DRINKING 2 smoky amethyst potions.
  1451 | D:2      | 1451 ||| DROPPING potion of attraction.
  1490 | D:3      | 1490 ||| READING 2 scrolls of acquirement.
  1490 | D:3      | 1490 ||| ACQUIRING 731 gold pieces
  1490 | D:3      | Acquired 731 gold pieces
  1492 | D:3      | 1492 ||| READING scroll of acquirement.
  1492 | D:3      | 1492 ||| ACQUIRING +1 cloak of willpower
  1492 | D:3      | Acquired a +1 cloak of willpower
  1494 | D:3      | 1494 ||| UPGRADING to +1 cloak of willpower.
  1536 | D:3      | Found a faded altar of an unknown god.
  1561 | D:3      | Noticed Natasha
  1567 | D:3      | Killed Natasha
  1568 | D:3      | Reached skill level 1 in Armour
  1619 | D:3      | Noticed Natasha
  1622 | D:3      | Killed Natasha
  1637 | D:3      | Noticed Natasha
  1641 | D:3      | Killed Natasha
  1642 | D:3      | Reached skill level 8 in Ranged Weapons
  1642 | D:3      | Reached XP level 5. HP: 21/29 MP: 7/7
  1696 | D:3      | Found Isejod's One-of-a-Kind Rings.
  1706 | D:3      | 1706 ||| BUYING +1 ring of slaying (78 gold).
  1706 | D:3      | Bought a +1 ring of slaying for 78 gold pieces
  1706 | D:3      | 1706 ||| BUYING +2 ring of protection (130 gold).
  1706 | D:3      | Bought a +2 ring of protection for 130 gold pieces
  1706 | D:3      | 1706 ||| SHOPLISTING +6 ring of protection (1014 gold, have
                  | 558).
  1706 | D:3      | 1706 ||| BUYING ring "Enlawyut" {rC+ Int+3} (497 gold).
  1706 | D:3      | Bought the ring "Enlawyut" {rC+ Int+3} for 497 gold pieces
  1706 | D:3      | 1706 ||| SHOPLISTING ring of Rotzyr {Ice ^Contam rPois
                  | Int-4 Dex+8} (507 gold, have 61).
  1730 | D:3      | Noticed Terence
  1733 | D:3      | Killed Terence
  1787 | D:3      | Found an opulent altar of Gozag.
  1942 | D:3      | 1942 ||| UPGRADING to +1 ring of slaying {mikee}.
  1943 | D:3      | 1943 ||| UPGRADING to +2 ring of protection.
  1945 | D:3      | 1945 ||| UPGRADING to ring "Enlawyut" {rC+ Int+3}.
  1947 | D:3      | 1947 ||| UPGRADING to +2 ring of protection.
  1949 | D:3      | 1949 ||| DRINKING 2 brown potions.
  1950 | D:3      | 1950 ||| DROPPING potion of degeneration.
  1974 | D:4      | Reached skill level 9 in Ranged Weapons
  2002 | D:4      | 2002 ||| READING scroll of acquirement.
  2002 | D:4      | 2002 ||| ACQUIRING ring of Vibb {Will- Str-5 Int+6 Slay+5
                  | Stlth+}
  2002 | D:4      | Acquired the ring of Vibb {Will- Str-5 Int+6 Slay+5 Stlth+}
  2004 | D:4      | 2004 ||| DROPPING ring of ice.
  2033 | D:4      | Reached XP level 6. HP: 33/35 MP: 8/8
  2078 | D:4      | Found a runed translucent gate.
  2095 | D:4      | Reached skill level 10 in Ranged Weapons
  2233 | D:4      | Found a glowing silver altar of Zin.
  2280 | D:4      | Found a runed translucent gate.
  2281 | D:4      | Found a runed translucent gate.
  2282 | D:4      | Noticed qw's ghost (amateur DEHu)
  2596 | D:4      | 2596 ||| DROPPING amulet of magic regeneration.
  2597 | D:4      | 2597 ||| DROPPING ring of see invisible.
  2598 | D:4      | 2598 ||| UPGRADING to +5 ring of evasion.
  2600 | D:4      | 2600 ||| DROPPING +1 ring of slaying {mikee}.
  2601 | D:4      | 2601 ||| UPGRADING to ring "Enlawyut" {rC+ Int+3}.
  2603 | D:4      | 2603 ||| DROPPING +2 ring of protection.
  2604 | D:4      | 2604 ||| READING scroll of identify.
  2604 | D:4      | 2604 ||| IDENTIFYING fizzy coppery potion
  2605 | D:4      | 2605 ||| DRINKING 2 inky potions.
  2606 | D:4      | 2606 ||| DROPPING potion of brilliance.
  2626 | D:5      | Entered Level 5 of the Dungeon
  2627 | D:5      | 2627 ||| PLANNING OSSUARY
  2657 | D:5      | Noticed a wyvern
  2661 | D:5      | Killed a wyvern
  2662 | D:5      | Reached XP level 7. HP: 40/40 MP: 9/9
  2704 | D:5      | Reached skill level 11 in Ranged Weapons
  2716 | D:5      | Reached skill level 3 in Dodging
  2799 | D:5      | Found a sand-covered staircase.
  2800 | D:5      | 2800 ||| UPGRADING to +0 ring mail.
  2810 | D:5      | 2810 ||| DROPPING +0 scale mail.
  2811 | D:5      | 2811 ||| READING scroll labelled BURPHUU FULITH.
  2812 | D:5      | 2812 ||| DRINKING 3 glowing silvery potions.
  2821 | Ossuary  | Entered an ossuary
  3197 | Ossuary  | 3197 ||| READING scroll of enchant armour.
  3197 | Ossuary  | 3197 ||| ENCHANTING +1 helmet.
  3235 | Ossuary  | Reached skill level 12 in Ranged Weapons
  3279 | Ossuary  | 3279 ||| READING 3 scrolls of identify.
  3279 | Ossuary  | 3279 ||| IDENTIFYING blue potion
  3280 | Ossuary  | 3280 ||| READING 2 scrolls of identify.
  3280 | Ossuary  | 3280 ||| IDENTIFYING silvery potion
  3281 | Ossuary  | 3281 ||| READING scroll of identify.
  3281 | Ossuary  | 3281 ||| IDENTIFYING 2 fizzy emerald potions
  3282 | Ossuary  | 3282 ||| READING scroll labelled OTUIB EPNUDI.
  3283 | Ossuary  | 3283 ||| READING scroll labelled QAIGHORGH TUAD.
  3284 | Ossuary  | 3284 ||| DROPPING potion of ambrosia.
  3297 | D:5      | 3297 ||| PLANNING D:1-11
  3322 | D:5      | Reached XP level 8. HP: 45/45 MP: 10/10
  3399 | D:5      | Identified the ring of the Skies Above {rF+ Will+ MP+9
                  | Str-4 Int+4}
  3417 | D:5      | Reached skill level 3 in Fighting
  3809 | D:5      | Found a blossoming altar of Fedhas.
  3824 | D:5      | Noticed an oklob plant
  3848 | D:5      | HP: 6/46 [oklob plant/splash of acid (7)]
  3849 | D:5      | 3849 ||| DRINKING potion of cancellation.
  3850 | D:5      | 3850 ||| READING 4 scrolls of teleportation.
  3850 | D:5      | Killed from afar by an oklob plant

Levels and vault maps discovered:
D:1:      hellmonk_arrival_library, layout_loops_ring, minmay_tetromino_i2
D:2:      layout_basic, serial_curves, eino_curves_02, eino_curves_04,
          serial_shops, shop, nicolae_shop_tiny_statue_garden,
          nicolae_shop_peninsula
D:3:      layout_rooms, nicolae_gozag_cash_rules_everything_around_me,
          shapermc_ecumenical_altar_rom_forum, nicolae_shop_unique_rings,
          hex_intersection, dreamdust_mushroom_princess, uniq_terence,
          uniq_natasha
D:4:      layout_basic, zin_treasury, gammafunk_ghost_necromancy,
          chequers_serial_rivers_micro_c
D:5:      layout_basic, tgw_fedhas, mainiacjoe_ossuary_entry_dusty_tomb

Skill      XL: |  1  2  3  4  5  6  7  8 |
---------------+-------------------------+-----
Ranged Weapons | 6 7 8 9 10 12 | 12.3
Armour         | 1 |  1.4
Fighting       | 2 3 |  3.0
Dodging        | 4 |  4.0
Stealth        | |  1.2

Action                     |  1- 3 |  4- 6 |  7- 9 || total
---------------------------+-------+-------+-------++-------
   Fire: Shortbow          |    86 |     3 |       ||    89
         Orcbow            |       |    89 |   125 ||   214
    Use: Scroll            |     1 |     9 |     8 ||    18
         Potion            |       |     3 |     2 ||     5
 Armour: Leather armour    |    10 |       |       ||    10
         Scale mail        |       |    21 |     6 ||    27
         Ring mail         |       |       |    25 ||    25
  Dodge: Dodged            |    12 |    12 |    41 ||    65

Table legend:
 A = Non-vault XP
 B = Vault XP
 C = Vault XP percentage of total XP
 D = Non-vault monster count
 E = Vault monster count
 F = Vault count percentage of total count
                 A         B        C        D         E       F
            +---------+---------+-------+---------+---------+-------
      Total |    1150 |     522 |  31.2 |      72 |      22 |  23.4
            +---------+---------+-------+---------+---------+-------
        D:1 |      25 |       0 |   0.0 |      13 |       0 |   0.0
        D:2 |      75 |       0 |   0.0 |      14 |       0 |   0.0
        D:3 |     103 |      71 |  40.8 |      13 |       2 |  13.3
        D:4 |     351 |       0 |   0.0 |      13 |       0 |   0.0
        D:5 |     596 |       0 |   0.0 |      19 |       0 |   0.0
    Ossuary |       0 |     451 | 100.0 |       0 |      20 | 100.0
            +---------+---------+-------+---------+---------+-------
